 Dungeon Crawl Stone Soup version 0.18-a0-1702-gd20c6a5 (webtiles) character file.

1565 Yawgmoth the Geomancer (level 8, 0/51 HPs)
             Began as a Gargoyle Earth Elementalist on Apr 7, 2016.
             Was an Initiate of Vehumet.
             Shot with an arrow by a centaur (4 damage)
             ... on level 6 of the Dungeon.
             The game lasted 00:26:59 (6445 turns).

Yawgmoth the Geomancer (GrEE)                       Turns: 6445, Time: 00:26:59

Health: 0/51       AC:  9    Str: 16    XL:     8   Next: 89%
Magic:  16/16      EV: 17    Int: 18    God:    Vehumet [......]
Gold:   127        SH:  0    Dex: 19    Spells: 4 memorised, 6 levels left

rFire  . . .     SeeInvis .     f - +0 hunting sling
rCold  + . .     Gourm    +     v - +0 leather armour
rNeg   + . .     Faith    .     (no shield)
rPois  ∞         Spirit   .     (no helmet)
rElec  +         Dismiss  .     (no cloak)
rCorr  .         Reflect  .     g - +0 pair of gloves
SustAt .         Harm     .     (no boots)
MR     ++...                    p - amulet of the gourmand
Stlth  +++.......               y - ring of protection from magic
                                G - ring of the Komtur {rC+ MR+ Str+4 Dex+4}

@: agile, very slightly contaminated, very resistant to hostile enchantments,
fairly stealthy
A: negative energy resistance 1, electricity resistance, unbreathing,
petrification resistance, rot immunity, AC +5
a: Renounce Religion


You were on level 6 of the Dungeon.
You worshipped Vehumet.
Vehumet was noncommittal.
You were very full.

You visited 1 branch of the dungeon, and saw 6 of its levels.

You collected 247 gold pieces.
You spent 120 gold pieces at shops.

Inventory:

Hand Weapons
 f - a +0 hunting sling (weapon)
 h - a +0 dagger
 u - a +0 glaive
 B - a +0 quarterstaff
Missiles
 N - 2 exploding sling bullets (quivered)
Armour
 a - a +0 robe
 g - a +0 pair of gloves (worn)
 v - a +0 leather armour (worn)
 D - a +0 buckler
Rods
 A - a +0 lightning rod (9/9)
   (You found it on level 3 of the Dungeon)
Jewellery
 p - an amulet of the gourmand (around neck)
 y - a ring of protection from magic (right hand)
 G - the ring of the Komtur (left hand) {rC+ MR+ Str+4 Dex+4}
   (You found it on level 4 of the Dungeon)

   [ring of protection from cold]

   It affects your strength (+4).
   It affects your dexterity (+4).
   It protects you from cold.
   It affects your resistance to hostile enchantments.
 J - an uncursed ring of flight
 L - an uncursed amulet of the gourmand
Scrolls
 e - 3 scrolls of remove curse
 j - 3 scrolls of teleportation
 l - 3 scrolls of enchant armour {unknown}
 m - 3 scrolls of identify {unknown}
 n - a scroll of noise {unknown}
 s - 2 scrolls of fog {unknown}
 t - 2 scrolls of enchant weapon {unknown}
 w - a scroll of immolation {unknown}
 E - 2 scrolls of random uselessness {unknown}
 F - a scroll of fear {unknown}
 H - a scroll of recharging {unknown}
 I - a scroll of amnesia {unknown}
 O - a scroll of magic mapping {unknown}
Potions
 o - a potion of haste {unknown}
 r - a potion of agility
 x - a potion of flight {unknown}
 K - a potion of cancellation {unknown}
Books
 b - a book of Ice

   Spells                             Type                      Level
   a - Ice Form                       Ice/Transmutation            4
   b - Metabolic Englaciation         Hexes/Ice                    5
   c - Ozocubu's Refrigeration        Ice                          6
   d - Bolt of Cold                   Conjuration/Ice              6
   e - Freezing Cloud                 Conjuration/Ice/Air          6
   f - Simulacrum                     Ice/Necromancy               6
 c - a book of Geomancy

   Spells                             Type                      Level
   a - Sandblast                      Earth                        1
   b - Passwall                       Transmutation/Earth          2
   c - Stone Arrow                    Conjuration/Earth            3
   d - Petrify                        Transmutation/Earth          4
   e - Lee's Rapid Deconstruction     Earth                        5
 C - a Young Poisoner's Handbook

   Spells                             Type                      Level
   a - Sting                          Conjuration/Poison           1
   b - Cure Poison                    Poison                       2
   c - Mephitic Cloud                 Conjuration/Poison/Air       3
   d - Olgreb's Toxic Radiance        Poison                       4
   e - Venom Bolt                     Conjuration/Poison           5
Comestibles
 d - 4 bread rations
 i - a beef jerky
 z - 2 meat rations
 M - a chunk of flesh


   Skills:
 + Level 5.8 Fighting
 - Level 1.9 Dodging
 - Level 2.7 Stealth
 + Level 5.3 Spellcasting
 - Level 0.7 Transmutations
 * Level 9.4 Earth Magic


You had 6 spell levels left.
You knew the following spells:

 Your Spells              Type           Power        Failure   Level  Hunger
a - Sandblast             Erth           #####.       1%          1    None
b - Passwall              Trmt/Erth      ###.......   3%          2    #......
c - Stone Arrow           Conj/Erth      ###...       10%         3    ##.....
d - Lee's Rapid Deconstr  Erth           #####.....   12%         5    ######.


Dungeon Overview and Level Annotations

Branches:
Dungeon (6/15)
 Temple: D:4-7

Altars:
Cheibriados
Elyvilon
Kikubaaqudgha
Nemelex Xobeh
Okawaru
Ru
Vehumet
Xom
Yredelemnul

Shops:
D:4 %*   D:5 [

Annotations:
D:3 Sigmund


Innate Abilities, Weirdness & Mutations

You are resistant to torment.
Your stone body is resilient (AC +5).
You are immune to poison.
You resist negative energy.
You are resistant to electric shocks.
You can survive without breathing.
You are immune to petrification.
You are immune to rotting.


Message History

The centaur wields a shortbow.
The centaur shoots an arrow.
The arrow closely misses you.
The centaur shoots an arrow.
The arrow hits you.
* * * LOW HITPOINT WARNING * * *
Your magical contamination has completely faded away.
Casting: Lee's Rapid Deconstruction
Confirm with . or Enter, or press ? or * to list all spells.
Aiming: Lee's Rapid Deconstruction
Press: ? - help, Dir - move target cursor You miscast Lee's Rapid Deconstruction.
You are very lightly contaminated with residual magic.
Motes of dust swirl before your eyes.
Drink which item? (? for menu, Esc to quit)
It was a potion of agility.
You feel agile all of a sudden.
The centaur shoots an arrow.
The arrow misses you.
Drink which item? (? for menu, Esc to quit)
It was a potion of magic.
Magic courses through your body.
The centaur shoots an arrow.
The arrow barely misses you.
The centaur shoots an arrow.
The arrow hits you.
You die...

#.##.#.# #......# #.##.#.#
######.# #.#..#[# #.# #.#.##.#
#.# #.#.##.# #.# #.#.##.# #.####
#.#..#.# #....#
#....#o#######################.#
###..#o.).)c....@((............#
#..#####.###################.#
#### ###


You could see a centaur.

Vanquished Creatures
  Prince Ribbit (D:5)
  2 ice beasts
  2 ogres (D:6)
  Blork the orc (D:6)
  2 giant frogs (D:6)
  A howler monkey (D:4)
  2 crimson imps
  2 hounds
  11 orc wizards
  A centaur skeleton (D:4)
  2 orc priests
  2 giant frog skeletons (D:6)
  A statue (D:4)
  A howler monkey skeleton (D:6)
  5 adders
  2 shadow imps
  2 oozes
  3 worms
  2 dart slugs
  3 giant geckos
  28 orcs
  2 ball pythons
  2 giant cockroaches
  A goblin (D:1)
  A hobgoblin (D:1)
  A jackal (D:1)
  2 quokkas
  8 bats
  A giant gecko skeleton (D:5)
  2 giant gecko zombies
  6 giant newts
  A jackal skeleton (D:4)
  2 kobolds
  4 rats
109 creatures vanquished.

Notes
Turn   | Place    | Note
--------------------------------------------------------------
     0 | D:1      | Yawgmoth the Gargoyle Earth Elementalist began the quest for the Orb.
     0 | D:1      | Reached XP level 1. HP: 10/10 MP: 3/3
   144 | D:1      | Reached skill level 4 in Earth Magic
   144 | D:1      | Reached XP level 2. HP: 15/15 MP: 3/5
  1074 | D:2      | Found a basalt altar of Yredelemnul.
  1080 | D:2      | Reached XP level 3. HP: 19/19 MP: 1/6
  1191 | D:2      | Found an ancient bone altar of Kikubaaqudgha.
  1202 | D:2      | Found a shimmering altar of Xom.
  1762 | D:3      | Reached skill level 5 in Earth Magic
  1768 | D:3      | Reached XP level 4. HP: 24/24 MP: 2/7
  1887 | D:3      | Found a sparkling altar of Nemelex Xobeh.
  1914 | D:3      | Reached skill level 1 in Fighting
  2078 | D:3      | Noticed Sigmund
  2176 | D:4      | Reached XP level 5. HP: 30/30 MP: 4/9
  2268 | D:4      | Learned a level 2 spell: Passwall
  2272 | D:4      | Learned a level 3 spell: Stone Arrow
  2276 | D:4      | Found a sacrificial altar of Ru.
  2549 | D:4      | Found Ozaxiduh's Assorted Antiques.
  2557 | D:4      | Bought a thick jade amulet for 120 gold pieces
  2784 | D:4      | Found a snail-covered altar of Cheibriados.
  2795 | D:4      | Found a white marble altar of Elyvilon.
  2818 | D:4      | Got a crude brass ring
  2870 | D:4      | Reached XP level 6. HP: 36/36 MP: 6/10
  2954 | D:4      | Found Agiolud's Food Emporium.
  3009 | D:4      | Found a radiant altar of Vehumet.
  3019 | D:4      | Learned a level 5 spell: Lee's Rapid Deconstruction
  3071 | D:4      | Identified the ring of the Komtur {rC+ MR+ Str+4 Dex+4} (You found it on level 4 of the Dungeon)
  3506 | D:5      | Entered Level 5 of the Dungeon
  3580 | D:5      | Noticed Prince Ribbit
  3588 | D:5      | Killed Prince Ribbit
  3588 | D:5      | Reached skill level 6 in Earth Magic
  3588 | D:5      | Reached XP level 7. HP: 37/41 MP: 7/12
  4115 | D:5      | Found Nigeli's Armour Shop.
  4356 | D:5      | Reached skill level 7 in Earth Magic
  4591 | D:4      | Became a worshipper of Vehumet
  4826 | D:6      | Reached XP level 8. HP: 38/48 MP: 14/14
  5014 | D:6      | Reached skill level 8 in Earth Magic
  5094 | D:6      | Found an iron altar of Okawaru.
  5102 | D:6      | Reached skill level 5 in Fighting
  5253 | D:6      | Reached skill level 5 in Spellcasting
  5565 | D:6      | Reached skill level 9 in Earth Magic
  6098 | D:6      | Noticed Blork the orc
  6100 | D:6      | Killed Blork the orc
  6445 | D:6      | Shot with an arrow by a centaur

Vault maps used:
D:1:      minmay_arrival_pointy
D:2:      old_standard_altar, overflow_temple_1_default, xom_teletrap_fun
D:3:      corexii_shack_village, first_bread, nemelex_diamond_rough_becter,
          uniq_natasha, uniq_sigmund, uniq_grinder
D:4:      grunt_temple_overflow_open, vehumet_statue, old_standard_altar,
          serial_shops, shop, nicolae_shop_stone
D:5:      serial_shops, nicolae_shop_statue_plus, uniq_prince_ribbit1
D:6:      minmay_flawed_box, okawaru_metal_pillars_3, uniq_blork_the_orc

Skill      XL: |  1  2  3  4  5  6  7  8 |
---------------+-------------------------+-----
Earth Magic    | 4 5 6 7 9 |  9.4
Fighting       | 1 2 3 4 5 |  5.8
Spellcasting   | 3 4 5 |  5.3
Dodging        | |  1.9
Stealth        | |  2.7
Transmutations | |  0.7

Action                   |  1- 3 |  4- 6 |  7- 9 || total
-------------------------+-------+-------+-------++-------
Melee: Unarmed           |     1 |       |       ||     1
       Dagger            |     1 |    12 |       ||    13
       Quarterstaff      |       |    57 |    76 ||   133
       Glaive            |       |       |    19 ||    19
 Fire: Hunting sling     |       |       |     8 ||     8
Throw: Stone             |       |       |     3 ||     3
 Cast: Sandblast         |    47 |    30 |    52 ||   129
       Lee's Rapid Decon |       |       |     5 ||     5
       Stone Arrow       |       |       |    10 ||    10
Evoke: Rod               |       |       |     1 ||     1
  Use: Scroll            |       |     2 |     2 ||     4
       Potion            |       |       |     4 ||     4
 Stab: Sleeping          |     1 |       |       ||     1
  Eat: Chunk             |     3 |     6 |    20 ||    29
